 Dungeon Crawl Stone Soup version 0.30-a0-879-ga8ba668304 (webtiles) character file.

Game seed: 8635361151641944851

65 Pooter the Chopper (level 3, -30/33 HPs)
             Began as a Minotaur Monk on Mar 13, 2023.
             Annihilated by an ogre
             ... wielding a +0 giant club
              (32 damage)
             ... on level 3 of the Dungeon.
             The game lasted 00:09:40 (1341 turns).

Pooter the Chopper (Minotaur Monk)                  Turns: 1341, Time: 00:09:40

Health: -30/33     AC:  3    Str: 17    XL:     3   Next: 94%
Magic:  2/2        EV: 10    Int:  7    God:
Gold:   56         SH:  6    Dex: 12    Spells: 2/2 levels left

rFire   . . .      SeeInvis .    a - +0 hand axe
rCold   . . .      Faith    .    g - +0 kite shield
rNeg    . . .      Spirit   .    b - +0 robe
rPois   .          Reflect  .    (helmet restricted)
rElec   .          Rampage  .    (no cloak)
rCorr   .                        (no gloves)
Will    .....                    q - +0 pair of boots
Stlth   ++                       (no amulet)
HPRegen 0.25/turn                (no ring)
MPRegen 0.08/turn                (no ring)

@: no status effects
A: horns 2, retaliatory headbutt
a: no special abilities


You were on level 3 of the Dungeon.
You visited 1 branch of the dungeon, and saw 3 of its levels.

You collected 56 gold pieces.

Inventory:

Hand Weapons
 a - a +0 hand axe (weapon)
Missiles
 r - 2 poisoned darts
 Q - 21 stones (quivered)
Armour
 b - a +0 robe (worn)
 g - a +0 kite shield (worn)
   (You found it on level 2 of the Dungeon)
 q - a +0 pair of boots (worn)
   (You found it on level 3 of the Dungeon)
Scrolls
 d - a scroll of fog
 f - a scroll of poison {!r}
 i - a scroll of noise {unknown}
 k - a scroll of silence {unknown}
 l - a scroll of brand weapon {unknown}
 m - a scroll of magic mapping {unknown}
 p - a scroll of acquirement {unknown}
 t - a scroll of teleportation {@r4}
Potions
 c - 2 potions of ambrosia
 e - a potion of cancellation {unknown}
 h - 2 potions of degeneration {unknown}
 j - a potion of magic {unknown}
 n - a potion of haste {unknown}
 o - a potion of heal wounds {unknown}


   Skills:
 + Level 4.3 Fighting
 * Level 4.9 Axes
 - Level 3.2 Dodging
 + Level 2.2 Stealth


You had 2 spell levels left.
You didn't know any spells.
Your spell library contained the following spells:

 Spells                   Type           Power      Damage    Failure   Level
 Cigotuvi's Dreadful Rot  Necr/Pois/Air  0%         N/A       95%         2
 Lesser Beckoning         Tloc           0%         N/A       95%         2
 Gell's Gravitas          Tloc           0%         N/A       99%         3
 Teleport Other           Tloc           0%         N/A       99%         3
 Dispel Undead            Necr           0%         3d6       100%        4
 Death Channel            Necr           0%         N/A       100%        6


Dungeon Overview and Level Annotations

Branches:
Dungeon (3/15)

Altars:
Xom


Innate Abilities, Weirdness & Mutations

You have a pair of horns on your head.
You reflexively headbutt those who attack you in melee.


Message History

You hit the worm. You headbutt the worm.
You kill the worm!
You hear the slow rusting of a very distant drain.
A kobold comes into view.
It is wielding a +0 short sword and quivering poisoned darts.
The kobold shouts!
You hear an angry hiss.
The kobold throws a poisoned dart.
The poisoned dart closely misses you.
You hear a shout!
You hear a shout!
The kobold hits you with a +0 short sword.
You hit the kobold but do no damage. Your headbutt misses the kobold.
The kobold closely misses you.
You hit the kobold. Your headbutt misses the kobold.
The kobold hits you but does no damage.
You completely miss the kobold. Your headbutt misses the kobold.
The kobold hits you with a +0 short sword.
The kobold barely misses you.
You hit the kobold. The kobold closely misses you.
You barely miss the kobold. The kobold completely misses you.
You barely miss the kobold.
The kobold hits you with a +0 short sword.
The kobold hits you but does no damage.
You barely miss the kobold. Your headbutt misses the kobold.
The kobold barely misses you.
You miss the kobold.
The kobold hits you with a +0 short sword.
You hit the kobold but do no damage. The kobold hits you but does no damage.
You hit the kobold.
You kill the kobold!
r - 4 poisoned darts
Things that are here:
a +0 short sword; a kobold corpse An ogre comes into view.
It is wielding a +0 giant club.
Throw: 4 darts (poison)
Aim: an ogre, wielding a +0 giant club (wandering, hasn't noticed you, 74% to hit)
You throw a poisoned dart.
The poisoned dart barely misses the ogre.
The ogre shouts!
You hear a shout!
Throw: 3 darts (poison)
Aim: an ogre, wielding a +0 giant club (74% to hit)
You throw a poisoned dart. The poisoned dart hits the ogre.
The ogre is poisoned.
You hit the ogre but do no damage.
The ogre hits you with a +0 giant club!!
Ouch! That really hurt!
* * * LOW HITPOINT WARNING * * *
You barely miss the ogre.
The ogre hits you with a +0 giant club!!
Ouch! That really hurt!
You die...

##.#.##
##.#.## ##
##.#.## #.##
##.#.##
##.#(##
##.#.##
##.#.#.
##.#.# ##.#..
##.#. #.#O##
##.# #@#.##
##.#. ##)#.##
##.#.#
##.#.##
##.#.##
##.#.##
##.#.##
##.#.###.#.##
##.#.#.#.##
##.#.#.##
##.#.## ##.##


You could see an ogre (poisoned).

Vanquished Creatures
  An adder (D:2)
  3 worms
  3 dart slugs
  3 bats
  An endoplasm (D:1)
  A giant cockroach (D:2)
  5 hobgoblins (D:1)
  2 jackals (D:2)
  3 quokkas
  5 ball pythons
  4 frilled lizards
  5 kobolds
  6 rats
42 creatures vanquished.

Notes
Turn   | Place    | Note
-------+----------+-------------------------------------------
     0 | D:1      | Pooter the Minotaur Monk began the quest for the Orb.
     0 | D:1      | Reached XP level 1. HP: 19/19 MP: 0/0
   218 | D:1      | Reached XP level 2. HP: 26/27 MP: 1/1
   553 | D:2      | Reached XP level 3. HP: 33/33 MP: 2/2
   987 | D:2      | Found a shimmering altar of Xom.
  1337 | D:3      | Noticed an ogre
  1341 | D:3      | Annihilated by an ogre

Illustrated notes

Levels and vault maps discovered:
D:1:      lightli_arrival_quake, layout_basic
D:2:      layout_loops_ring, basic_altar
D:3:      minmay_inner_zag, layout_loops_ring, mainiacjoe_overflow_chevrons,
          portal_sewer_entry_b, st_stairs_3, uniq_ijyb

Skill      XL: |  1  2 |
---------------+-------+-----
Axes           | 4 |  4.9
Fighting       | 4 |  4.3
Stealth        | 2 |  2.2
Dodging        | |  3.2

Action                     || total
---------------------------++-------
  Melee: Hand axe          ||    96
         Headbutt          ||    12
         Punch             ||     1
  Throw: Dart              ||     2
    Use: Scroll            ||     3
   Stab: Sleeping          ||     2
 Armour: Robe              ||    19
  Dodge: Dodged            ||    54
  Block: Kite shield       ||     2

Table legend: (Time is in decaauts)
 A = Elapsed time spent in this place.
 B = Non-inter-level travel time spent in this place.
 C = Inter-level travel time spent in this place.
 D = Time resting spent in this place.
 E = Time spent auto-exploring this place.
 F = Levels seen in this place.
 G = Mean time per level.
                   A        B        C        D        E       F      G
               +--------+--------+--------+--------+--------+-----+--------+
         Total |   1352 |   1309 |     43 |      0 |    959 |   3 |  450.7 |
       Dungeon |   1352 |   1309 |     43 |      0 |    959 |   3 |  450.7 |
               +--------+--------+--------+--------+--------+-----+--------+

Top non-repeatable levels by time:
     D:2: 737 daAuts
     D:1: 526 daAuts
     D:3: 88 daAuts
